Map: Eternal Empire LE

Players

Fade

  • Race: Zerg Zerg
  • League: Platinum
  • Spawn Location: 7:00

CloudIII - Winner!

  • Race: Terran Terran
  • Spawn Location: 1:00

VOD

Have the link to the VOD?

Description

Time

  • Played on: Sept. 26, 2020, 3:33 a.m.
  • Length: 17:03
Show
View Real Time Build Order
Export as new Build Order

Fade Zerg 

Build Orders: Hatch First 

Get SALT Encoding   

  12  0:01  Drone  
  13  0:13  Drone  
  14  0:21  Overlord  
  14  0:40  Drone  
  14  0:41  Drone x2  
  17  0:51  Drone  
  18  0:57  Extractor  
  18  1:02  Hatchery  
  16  1:13  Spawning Pool  
  16  1:15  Drone  
  16  1:21  Drone  
  17  1:30  Drone  
  18  1:34  Drone  
  19  1:44  Overlord  
  19  2:03  Zergling x2  
  19  2:04  Metabolic Boost  
  19  2:07  Zergling x2  
  21  2:09  Queen  
  23  2:16  Queen, Drone  
  23  2:18  Drone  
  27  2:44  Extractor  
  26  2:52  Zergling x4  
  28  3:08  Drone x5  
  33  3:26  Drone x3  
  36  3:30  Baneling Nest  
  36  3:31  Overlord x2  
  35  3:38  Drone  
  36  3:49  Queen x2  
  36  3:53  Drone x4  
  42  4:15  Zergling x12  
  46  4:18  Hatchery  
  45  4:32  Drone x2  
  45  4:34  Baneling x2  
  45  4:35  Baneling x2  
  45  4:38  Spore Crawler  
  46  4:40  Spore Crawler  
  45  4:56  Zergling x14  
  45  4:58  Overlord x2  
  52  5:16  Baneling x6  
  46  5:36  Zergling x18  
  46  5:40  Drone x3  
  46  5:42  Drone x4  
  62  5:46  Extractor  
  62  5:48  Lair  
  62  5:49  Drone  
  62  6:02  Spore Crawler  
  61  6:09  Queen x2  
  65  6:32  Overlord x4  
  65  6:33  Overlord x2  
  65  6:46  Overlord x6  
  65  6:50  Queen x2  
  69  6:56  Drone  
  69  6:57  Drone x4  
  72  7:18  Drone x2  
  72  7:21  Centrifical Hooks  
  74  7:27  Infestation Pit  
  73  7:31  Drone x3  
  73  7:32  Drone x5  
  73  7:35  Drone x3, Extractor  
  73  7:36  Drone x4  
  87  7:41  Zergling x2, Evolution Chamber  
  87  7:42  Evolution Chamber  
  86  8:00  Zergling x24  
  98  8:08  Spire  
  98  8:09  Zerg Melee Weapons Level 1, Zerg Ground Armor Level 1  
  97  8:21  Zergling x12  
  97  8:26  Hive  
  103  8:30  Baneling x5  
  103  8:31  Baneling x5  
  103  8:32  Pneumatized Carapace  
  103  8:35  Overseer  
  103  8:36  Overseer  
  90  9:02  Zergling x2  
  90  9:03  Zergling x28  
  104  9:22  Overseer  
  104  9:26  Zergling x2  
  104  9:27  Zergling x20  
  107  10:00  Baneling  
  107  10:01  Baneling x6  
  107  10:07  Zergling x16  
  107  10:08  Zergling x12  
  107  10:09  Zerg Melee Weapons Level 2  
  107  10:10  Adrenal Glands, Zerg Ground Armor Level 2  
  87  10:43  Zergling x24  
  70  10:57  Zergling x14  
  70  10:59  Zergling x2  
  76  11:06  Queen x3  
  82  11:16  Drone x6  
  82  11:18  Baneling x8  
  88  11:19  Baneling x2  
  88  11:30  Zergling x2  
  88  11:31  Zergling x10  
  94  11:34  Baneling x3  
  94  11:35  Baneling x10  
  94  11:36  Zergling x2  
  95  11:42  Queen x3  
  101  11:47  Zergling x12  
  101  11:48  Zergling x2  
  84  12:13  Zergling x2  
  84  12:14  Zergling x22  
  88  12:18  Baneling x5  
  88  12:40  Zergling x2, Extractor  
  88  12:41  Zergling x14  
  88  12:43  Baneling  
  88  12:44  Baneling x2  
  94  13:10  Zerg Melee Weapons Level 3, Zerg Ground Armor Level 3  
  94  13:15  Zergling x32  
  94  13:17  Queen x2  
  113  14:02  Baneling x5  
  113  14:03  Baneling x7  
  113  14:04  Baneling x8  
  113  14:27  Zergling x8  
  113  14:28  Zergling x38  
  104  15:08  Zergling x20  
  104  15:09  Zergling x20  
  122  15:18  Baneling x20  
  122  15:19  Zergling x2  
  122  15:20  Zergling x4  
  122  15:30  Ultralisk Cavern  
  122  15:35  Extractor, Baneling x8  
  120  15:36  Hatchery, Baneling x7  
  120  15:39  Extractor  
  104  16:31  Zergling x46  
Show
View Real Time Build Order
Export as new Build Order

CloudIII Terran - Winner!

Build Orders: Liberator Opening, Reaper Expand 

Get SALT Encoding   

  12  0:00  SCV  
  13  0:13  SCV  
  14  0:18  Supply Depot  
  14  0:25  SCV  
  15  0:39  SCV  
  15  0:41  Barracks  
  16  0:46  Refinery  
  16  0:51  SCV  
  17  1:04  SCV  
  18  1:17  SCV  
  19  1:29  Reaper  
  19  1:30  Orbital Command  
  20  1:43  Command Center  
  20  1:53  Supply Depot  
  20  1:55  SCV  
  21  2:01  Marine  
  22  2:10  SCV  
  22  2:11  Factory  
  23  2:18  Refinery  
  23  2:23  Barracks Reactor  
  23  2:27  Bunker  
  24  2:30  SCV  
  24  2:46  SCV  
  25  2:58  SCV, Orbital Command  
  26  3:03  Starport  
  26  3:10  SCV  
  26  3:11  Barracks Tech Lab  
  27  3:14  Hellion x2  
  31  3:26  SCV x2  
  33  3:33  Marine  
  34  3:36  Hellion x2, Stimpack  
  38  3:50  Liberator  
  38  3:55  Marine  
  42  3:56  SCV x2  
  44  4:03  Supply Depot  
  44  4:05  Hellion  
  46  4:24  Marine  
  46  4:25  SCV x2  
  46  4:26  Supply Depot  
  49  4:33  Starport Tech Lab  
  49  4:39  Barracks  
  49  4:40  Barracks  
  49  4:41  Command Center  
  49  4:46  SCV x2  
  51  4:54  Refinery  
  51  4:55  Refinery  
  51  4:57  Engineering Bay x2  
  51  4:59  Supply Depot  
  51  5:11  Starport Reactor  
  51  5:15  SCV x2  
  51  5:34  SCV x2  
  45  5:35  Terran Infantry Weapons Level 1  
  45  5:36  Terran Infantry Armor Level 1  
  45  5:49  SCV x2  
  47  5:52  Siege Tank  
  50  5:57  Marine x3  
  50  5:58  Combat Shield  
  50  5:59  Orbital Command  
  50  6:03  Starport Reactor, Barracks  
  53  6:04  Barracks  
  52  6:13  SCV x2  
  52  6:18  Marine x4  
  57  6:28  SCV x3  
  59  6:35  Supply Depot  
  59  6:37  Supply Depot  
  58  6:41  SCV x3  
  60  6:50  Armory, Marine  
  60  6:51  Orbital Command  
  60  6:52  Barracks Reactor  
  61  6:58  Barracks Reactor  
  61  7:02  Marine  
  61  7:03  Marine x2  
  64  7:08  Supply Depot  
  61  7:20  SCV x3  
  64  7:25  Marine x5  
  69  7:32  SCV x2  
  69  7:33  SCV  
  69  7:34  Supply Depot  
  69  7:35  Marine x2  
  69  7:36  Marine  
  75  7:37  Medivac x2  
  75  7:41  Terran Infantry Weapons Level 2  
  75  7:43  Terran Infantry Armor Level 2  
  79  7:45  Marine  
  79  7:47  SCV  
  79  7:48  SCV  
  82  7:51  SCV  
  82  7:54  Marine  
  82  7:55  Marine x3  
  87  7:59  SCV  
  87  8:01  SCV, Supply Depot  
  87  8:03  SCV  
  87  8:04  Marine x3  
  93  8:07  Medivac  
  93  8:08  Marine  
  93  8:09  Siege Tank  
  93  8:11  SCV  
  100  8:18  Marine  
  100  8:19  Marine x4  
  105  8:20  Medivac  
  105  8:22  Marine  
  108  8:27  Supply Depot  
  108  8:30  Marine  
  108  8:31  Marine x2  
  108  8:33  SCV x2, Supply Depot  
  113  8:40  Marine x4  
  113  8:41  Marine x2, Siege Tank  
  114  8:59  Marine x6  
  114  9:00  Marine x3  
  114  9:01  Medivac x2  
  114  9:02  SCV x2  
  129  9:03  SCV  
  129  9:05  Supply Depot  
  130  9:15  SCV  
  130  9:16  Marine  
  126  9:46  Marine x6  
  126  9:47  Marine x2, Siege Tank  
  134  10:00  Command Center, Factory  
  134  10:06  Refinery  
  134  10:07  Supply Depot, Refinery  
  134  10:10  Barracks  
  134  10:11  Barracks  
  134  10:13  Factory, Barracks  
  134  10:15  Terran Infantry Weapons Level 3, Terran Infantry Armor Level 3  
  134  10:16  Marine x3  
  134  10:17  Marine x6  
  134  10:18  Medivac  
  134  10:19  Medivac  
  149  10:21  Siege Tank  
  149  10:34  Marine  
  145  10:38  Marine  
  145  10:39  Marine  
  145  10:40  Marine x5  
  145  10:42  Marine  
  125  10:50  Factory Reactor  
  125  11:11  Command Center  
  125  11:12  Supply Depot  
  125  11:13  Supply Depot  
  125  11:23  Supply Depot x3  
  125  11:25  Supply Depot  
  125  11:27  Drilling Claws  
  125  11:30  Barracks Tech Lab x3  
  125  11:34  Marine x2  
  125  11:35  Widow Mine x3  
  133  11:44  Marine  
  133  11:45  Widow Mine  
  110  12:24  Marine x4  
  110  12:25  Marine x7  
  110  12:26  Marine  
  110  12:27  Medivac x2, Widow Mine x4  
  134  12:34  Command Center  
  134  12:42  Marine x3  
  131  12:55  Marine x6  
  131  12:57  Widow Mine x4  
  145  12:59  Medivac x2  
  149  13:10  Marine x3  
  149  13:11  Marine x2  
  154  13:13  Planetary Fortress  
  154  13:18  Widow Mine  
  156  13:26  Marine x6  
  162  13:27  Widow Mine  
  162  13:28  Widow Mine x2  
  162  13:32  Terran Vehicle Weapons Level 1  
  168  13:40  Widow Mine  
  168  13:49  Widow Mine  
  168  13:53  Marine x5  
  168  13:54  Marine x3  
  168  13:55  Medivac, Widow Mine x2  
  182  13:56  Medivac  
  186  14:04  Marine x3  
  186  14:08  Marauder  
  191  14:11  Concussive Shells  
  191  14:22  Marauder  
  191  14:23  Marauder  
  195  14:29  Supply Depot x2, Command Center  
  195  14:43  Supply Depot  
  195  14:44  Supply Depot  
  195  14:46  Supply Depot  
  195  14:50  Marine x3  
  195  14:51  Marauder  
  200  14:53  Marine  
  200  14:57  Marauder x2, Thor  
  182  15:02  Marine x5  
  166  15:08  Marine  
  166  15:12  Marauder  
  168  15:17  Planetary Fortress  
  168  15:19  Marauder x2  
  170  15:33  SCV x2  
  172  15:40  SCV  
  173  15:55  Marine x8  
  173  15:56  Marauder x2, Marine  
  186  15:59  SCV  
  186  16:01  Orbital Command  
  186  16:03  Widow Mine  
  187  16:12  SCV x2, Marauder, Widow Mine  
  187  16:13  SCV, Marine  
  187  16:14  Marauder  
  187  16:17  Marauder  
Tags
 
Add a new tag
Caveats
  • Supply blocks, unpowered buildings, or Contaminate may cause inaccurate times.
  • Supply counts are checked every 10 seconds.